 Dungeon Crawl Stone Soup version 0.23-a0-558-g30802b1 (webtiles) character file.

161 Amnesiac the Ducker (level 5, -15/42 HPs)
             Began as a Spriggan Berserker on Dec 12, 2018.
             Was a Believer of Trog.
             Demolished by a gnoll
             ... wielding a +0 halberd
              (16 damage)
             ... on level 2 of the Dungeon.
             The game lasted 00:02:38 (1423 turns).

Amnesiac the Ducker (Spriggan Berserker)            Turns: 1423, Time: 00:02:39

Health: -15/42     AC:  9    Str: 19    XL:     5   Next: 18%
Magic:  6/6        EV: 21    Int:  8    God:    Trog [**....]
Gold:   49         SH:  0    Dex: 16    Spells: 4/4 levels left

rFire    . . .     SeeInvis +   a - +0 dagger (protect)
rCold    . . .     Gourm    .   (shield restricted)
rNeg     . . .     Faith    .   b - +0 animal skin
rPois    .         Spirit   .   (helmet restricted)
rElec    .         Reflect  .   (no cloak)
rCorr    .         Harm     .   (gloves unavailable)
MR       .....                  (boots unavailable)
Stlth    ..........             e - amulet of rage
HPRegen  0.14/turn              (no ring)
MPRegen  0.10/turn              (no ring)

@: berserking (expiring), protection aura, very quick
A: very small, unfitting armour, see invisible, herbivore, speed 3, slow
metabolism 2
a: Berserk, Trog's Hand, Renounce Religion, Evoke Berserk Rage


You were on level 2 of the Dungeon.
You worshipped Trog.
Trog was pleased with you.
You were full.

You visited 1 branch of the dungeon, and saw 2 of its levels.

You collected 49 gold pieces.

Inventory:

Hand Weapons
 a - a +0 dagger of protection (weapon)
Armour
 b - a +0 animal skin (worn)
Jewellery
 e - an amulet of rage (around neck)
Scrolls
 f - 2 scrolls of teleportation {!r}
Potions
 d - a potion of flight {!q, unknown}
 i - a potion of brilliance {!q, unknown}


   Skills:
 - Level 3.0 Fighting
 * Level 5.3 Short Blades
 + Level 5.8 Dodging


You had 4 spell levels left.
You didn't know any spells.
Your spell library was empty.

Dungeon Overview and Level Annotations

Branches:
Dungeon (2/15)

Altars:
Xom


Innate Abilities, Weirdness & Mutations

You are very small and have problems with some larger weapons.
You are too small for most types of armour.
You have supernaturally acute eyesight. (SInv)
You are a herbivore.
You cover ground extremely quickly.
You need to consume almost no food.


Message History

a cursed -2 spear; a gnoll corpse You hit the gnoll.
The gnoll is heavily wounded.
The gnoll hits you from afar with a +0 halberd!
* * * LOW HITPOINT WARNING * * *
You hit the gnoll.
The gnoll is severely wounded.
The gnoll barely misses you. The gnoll completely misses you.
You hit the gnoll.
You kill the gnoll!
Trog accepts your kill.
Your Short Blades skill increases to level 5!
The gnoll hits you from afar with a +0 halberd.
* * * LOW HITPOINT WARNING * * *
You hit the gnoll.
The gnoll is moderately wounded.
The gnoll completely misses you.
You puncture the gnoll!
You kill the gnoll!
Trog accepts your kill.
You barely miss the leopard gecko. The gnoll completely misses you.
You puncture the leopard gecko!
You kill the leopard gecko!
Trog accepts your kill. The gnoll completely misses you. The gnoll misses you.
The gnoll completely misses you.
Things that are here:
a +0 spear; a leopard gecko corpse; a gnoll corpse You puncture the gnoll!
The gnoll is severely wounded.
You puncture the gnoll!
You kill the gnoll!
Trog accepts your kill.
You have reached level 5!
You feel agile. The gnoll completely misses you.
You hit the gnoll but do no damage. You hit the gnoll.
The gnoll is moderately wounded.
The gnoll completely misses you.
You puncture the gnoll!
The gnoll is almost dead.
A bat comes into view.
The gnoll hits you from afar with a +0 halberd!
* * * LOW HITPOINT WARNING * * *
The gnoll barely misses you.
You hit the gnoll.
You feel the power of Trog in you as your rage grows.
You kill the gnoll!
Trog accepts your kill.
You hit the gnoll.
The gnoll is lightly wounded.
The gnoll completely misses you.
You hit the gnoll.
The gnoll is heavily wounded.
The gnoll closely misses you.
You puncture the gnoll!
You kill the gnoll!
Trog accepts your kill.
You puncture the bat!
You kill the bat!
Trog accepts your kill.
The gnoll hits you from afar with a +0 halberd!
You die...

,,**,,,...,,,,,,,*#.#.....##..<..
,,**,*,#...,,######†#..#..##.....
,,**,*,,....,...(....†....#.....)
,,+,,,,,,#..#######.#..(.......>.
,,**,**#.#..?...# #.##..###.##.#.
,,**+*,.........# #.........##...
*,,,,,,,#.......#####..#.#####.#.
*,,,,,,,#..#####)).....#.#*,...#.
,,,,,,,,,,,****#@####..#.##.##...
,,**+*+*,......))# *..)#.##,*#.$.
,,**,*,*,.......g#*#..##.#*...##.
,,**,*,*,........%,....,......,..
,,**,,,*,....#+#.###.##,,*#.#,...
,,*****,*#...*,...,..,,,,*#.,....
,,*,,,,,,.##**,#.#***,*,,,.,#####
,,*,**,,,,,,,,,..# *,*******
,,*,*,,,*,**,*,,,* *,,,,****


You could see a gnoll.

Vanquished Creatures
  10 gnolls (D:2)
  A worm (D:2)
  3 dart slugs (D:1)
  A leopard gecko (D:2)
  4 giant cockroaches
  12 goblins
  7 hobgoblins
  4 jackals (D:1)
  4 bats
  2 frilled lizards
  2 kobolds (D:1)
  6 rats
56 creatures vanquished.

Notes
Turn   | Place    | Note
-------+----------+-------------------------------------------
     0 | D:1      | Amnesiac the Spriggan Berserker began the quest for the
                  | Orb.
     0 | D:1      | Reached XP level 1. HP: 11/11 MP: 2/2
    75 | D:1      | Reached XP level 2. HP: 2/16 MP: 3/3
   587 | D:1      | Reached XP level 3. HP: 19/19 MP: 4/4
   606 | D:1      | Reached ** piety under Trog
   676 | D:1      | Reached skill level 5 in Dodging
  1171 | D:2      | Found a shimmering altar of Xom.
  1241 | D:2      | Found a shimmering altar of Xom.
  1267 | D:2      | Reached XP level 4. HP: 23/23 MP: 5/5
  1408 | D:2      | Reached skill level 5 in Short Blades
  1415 | D:2      | Reached XP level 5. HP: 10/28 MP: 6/6
  1418 | D:2      | HP: 1/42 [gnoll/+0 halberd (9)]
  1423 | D:2      | Demolished by a gnoll

Vault maps used:
D:1:      saegor_arrival_simple_a, minmay_pentomino_u2
D:2:      xom_redecorated

Skill      XL: |  1  2  3  4 |
---------------+-------------+-----
Short Blades   | 4 5 |  5.3
Dodging        | 5 |  5.8
Fighting       | 3 |  3.0

Action                   |  1- 3 |  4- 6 || total
-------------------------+-------+-------++-------
Melee: Short sword       |    63 |       ||    63
       Dagger            |   132 |    75 ||   207
Invok: Berserk           |     2 |     1 ||     3
  Use: Scroll            |     3 |       ||     3
 Stab: Sleeping          |     3 |       ||     3
       Distracted        |     1 |       ||     1
  Eat: Ration            |       |     4 ||     4
Armor: Animal skin       |    36 |    11 ||    47
Dodge: Dodged            |   185 |    50 ||   235

Table legend:
 A = Non-vault XP
 B = Vault XP
 C = Vault XP percentage of total XP
 D = Non-vault monster count
 E = Vault monster count
 F = Vault count percentage of total count
                 A         B        C        D         E       F
            +---------+---------+-------+---------+---------+-------
      Total |     228 |       2 |   0.9 |      55 |       1 |   1.8
            +---------+---------+-------+---------+---------+-------
        D:1 |      62 |       2 |   3.1 |      33 |       1 |   2.9
        D:2 |     166 |       0 |   0.0 |      22 |       0 |   0.0
            +---------+---------+-------+---------+---------+-------
